 Dungeon Crawl Stone Soup version 0.18-a0-1354-gbc5753f (webtiles) character file.

74 dracos369 the Chiller (level 4, -2/35 HPs)
             Began as a Draconian Ice Elementalist on Feb 19, 2016.
             Was a Follower of Pakellas.
             Killed by nerve-wracking pain
             ... invoked by Jessica
              (14 damage)
             ... on level 2 of the Dungeon.
             The game lasted 00:10:20 (1677 turns).

dracos369 the Chiller (Draconian Ice Elementalist)  Turns: 1677, Time: 00:10:21

Health: -2/35      AC: 16    Str: 11    XL:     4   Next: 9%
Magic:  5/7        EV: 12    Int: 16    God:    Pakellas [*.....]
Gold:   25         SH:  0    Dex: 11    Spells: 3 memorised, 1 level left

rFire  . . .     SeeInvis .     g - +0 spear
rCold  . . .     Gourm    .     (armour unavailable)
rNeg   . . .     Faith    .     (no shield)
rPois  .         Spirit   .     (helmet restricted)
rElec  .         Dismiss  .     n - +0 cloak
rCorr  .         Reflect  .     (no gloves)
SustAt .         Harm     .     (no boots)
MR     .....                    m - amulet of inaccuracy (curse)
Stlth  ++........               (no ring)
                                e - +5 ring of protection

@: icy armour, slow, not resistant to hostile enchantments, unstealthy
A: unfitting armour, cold-blooded, AC +5
a: Quick Charge, Renounce Religion


You were on level 2 of the Dungeon.
You worshipped Pakellas.
Pakellas was aware of your devotion.
You were hungry.

You visited 1 branch of the dungeon, and saw 2 of its levels.

You collected 25 gold pieces.

Inventory:

Hand Weapons
 g - a +0 spear (weapon)
Armour
 n - a +0 cloak (worn)
Jewellery
 e - a +5 ring of protection (left hand)
 m - a cursed amulet of inaccuracy (around neck)
Scrolls
 d - 2 scrolls of amnesia {unknown}
 f - 2 scrolls of recharging {unknown}
 l - 4 scrolls of identify {unknown}
 p - a scroll of fog {unknown}
 q - a scroll of enchant armour {unknown}
 r - a scroll of remove curse {unknown}
Potions
 c - a potion of curing {unknown}
 j - a potion of flight {unknown}
 k - 2 potions of heal wounds {unknown}
Books
 a - a book of Frost

   Spells                             Type                      Level
   a - Freeze                         Ice                          1
   b - Throw Frost                    Conjuration/Ice              2
   c - Ozocubu's Armour               Charms/Ice                   3
   d - Throw Icicle                   Conjuration/Ice              4
   e - Summon Ice Beast               Ice/Summoning                4
 o - a book of Burglary

   Spells                             Type                      Level
   a - Swiftness                      Charms/Air                   2
   b - Passwall                       Transmutation/Earth          2
   c - Passage of Golubria            Translocation                4
   d - Lee's Rapid Deconstruction     Earth                        5
   e - Darkness                       Hexes                        6
   f - Invisibility                   Hexes                        6
Comestibles
 b - a bread ration
 h - 6 chunks of flesh
 i - 2 meat rations


   Skills:
 + Level 1.5 Fighting
 - Level 2.0 Dodging
 - Level 2.0 Stealth
 + Level 2.4 Spellcasting
 + Level 1.5 Conjurations
 - Level 1.0 Charms
 + Level 3.5 Ice Magic


You had one spell level left.
You knew the following spells:

 Your Spells              Type           Power        Failure   Level  Hunger
a - Freeze                Ice            ##..         6%          1    #......
b - Throw Frost           Conj/Ice       ##....       12%         2    ###....
c - Ozocubu's Armour      Chrm/Ice       #.......     28%         3    ###....


Dungeon Overview and Level Annotations

Branches:
Dungeon (2/15)

Altars:
Pakellas

Annotations:
D:2 Jessica


Innate Abilities, Weirdness & Mutations

Your plain brown scales are hard (AC +5).
Your body does not fit into most forms of armour.
You are cold-blooded and may be slowed by cold attacks.


Message History

Pakellas accepts your kill.
You feel your power returning. The bat barely misses you. The bat hits you.
The bat closely misses you.
You closely miss Jessica.
You tail-slap Jessica, but do no damage.
The bat hits you but does no damage. x2
Jessica points at you and mumbles some strange words.
Pain shoots through your body!
You hit Jessica.
Jessica is heavily wounded.
The bat barely misses you. Jessica hits you but does no damage.
Jessica misses you.
Unknown command.
You barely miss Jessica.
Jessica is heavily wounded.
The bat closely misses you. Jessica casts a spell at you.
Pain shoots through your body!
You die...
Pakellas says: Good help is so hard to find these days!

#.....###...........#
#...............#...♣
#...............#...♣
#............##.# ♣
#............##.# P
#...............♣.♣
##.......##......♣
#.......##.....♣P.
#......%b@.......P
#........@#####..♣
#.............
#..............
#................
#....#...........
#.......##.......
#..............##


You could see Jessica and a bat.

Vanquished Creatures
  2 adders (D:2)
  A worm (D:1)
  3 giant geckos
  5 bats
  A giant cockroach (D:1)
  7 goblins
  11 hobgoblins
  3 jackals (D:1)
  7 kobolds (D:1)
  2 ball pythons
  A giant newt (D:1)
  4 rats
47 creatures vanquished.

Notes
Turn   | Place    | Note
--------------------------------------------------------------
     0 | D:1      | dracos369 the Draconian Ice Elementalist began the quest for the Orb.
     0 | D:1      | Reached XP level 1. HP: 14/14 MP: 3/3
   273 | D:1      | Reached XP level 2. HP: 7/22 MP: 0/5
   551 | D:1      | Learned a level 2 spell: Throw Frost
   878 | D:1      | Reached XP level 3. HP: 27/27 MP: 3/6
   883 | D:1      | Learned a level 3 spell: Ozocubu's Armour
  1050 | D:1      | Reached skill level 1 in Fighting
  1537 | D:2      | Reached skill level 1 in Charms
  1554 | D:2      | Reached XP level 4. HP: 32/35 MP: 0/7
  1604 | D:2      | Found a faded altar to an unknown god.
  1629 | D:2      | Became a worshipper of Pakellas the Inventive
  1629 | D:2      | Reached * piety under Pakellas
  1646 | D:2      | Noticed Jessica
  1677 | D:2      | Killed from afar by Jessica

Vault maps used:
D:1:      minmay_arrival_four_houses, minmay_cupped
D:2:      wad_woods_stonehenge, first_bread, ecumenical_altar_1, uniq_jessica

Action                   |  1- 3 |  4- 6 || total
-------------------------+-------+-------++-------
Melee: Unarmed           |    23 |       ||    23
       Spear             |    93 |    37 ||   130
 Cast: Freeze            |    42 |     1 ||    43
       Throw Frost       |     2 |       ||     2
       Ozocubu's Armour  |     1 |     1 ||     2
 Stab: Sleeping          |     5 |       ||     5
  Eat: Chunk             |     3 |       ||     3
